 Dungeon Crawl Stone Soup version 0.21.0-37-g46506fa (webtiles) character file.

7970 Monsterracer the Thaumaturge (level 11, -15/83 HPs)
             Began as a Gnoll Ice Elementalist on Jan 30, 2018.
             Was a High Priest of Zin.
             Demolished by a mace of flaming (17 damage)
             ... in a volcano.
             The game lasted 00:26:04 (10291 turns).

Monsterracer the Thaumaturge (GnIE)                Turns: 10291, Time: 00:26:05

Health: -15/83     AC: 11    Str: 11    XL:     11   Next: 23%
Magic:  5/23       EV: 18    Int: 20    God:    Zin [*****.]
Gold:   666        SH:  0    Dex: 16    Spells: 14/26 levels left

rFire    + . .     SeeInvis .   a - +4 short sword (flame)
rCold    . . .     Gourm    .   (no shield)
rNeg     + . .     Faith    .   g - +2 robe {rF+}
rPois    .         Spirit   .   j - +0 helmet
rElec    .         Reflect  .   (no cloak)
rCorr    .         Harm     .   y - +2 pair of gloves
MR       .....                  l - +1 pair of boots
Stlth    ++++......             C - amulet of rage
HPRegen  0.23/turn              (no ring)
MPRegen  0.18/turn              m - ring of positive energy {!d}

@: no status effects
A: distributed training, fangs 1, strong nose
a: Recite, Vitalisation, Imprison, Sanctuary, Donate Gold, Renounce Religion,
Evoke Berserk Rage


You were in a volcano.
You worshipped Zin.
Zin was extremely pleased with you.
You were near starving.

You visited 2 branches of the dungeon, and saw 9 of its levels.
You also visited: Volcano.

You collected 740 gold pieces.
You donated 74 gold pieces to Zin.

Inventory:

Hand Weapons
 a - a +4 short sword of flaming (weapon)
 b - a +0 dagger of holy wrath
 r - a +0 rapier
Missiles
 f - 11 javelins (quivered)
Armour
 g - a +2 robe of fire resistance (worn)
 j - a +0 helmet (worn)
 l - a +1 pair of boots (worn)
 s - the +1 ring mail "Palaux" {Str+4}
   (You found it on level 6 of the Dungeon)

   It affects your strength (+4).
 y - a +2 pair of gloves (worn)
Magical Staves
 z - an uncursed staff of wizardry {!a}
Jewellery
 m - a ring of positive energy (right hand) {!d}
 C - an amulet of rage (around neck)
Wands
 v - a wand of iceblast (9)
 w - a wand of enslavement (3)
 x - a wand of disintegration (8)
Scrolls
 e - 4 scrolls of amnesia
 o - 3 scrolls of remove curse
 u - 2 scrolls of enchant weapon
Potions
 d - 6 potions of agility
 i - a potion of curing
 k - a potion of mutation {!q}
 n - 4 potions of haste
 p - a potion of flight
 q - 2 potions of brilliance
 A - a potion of berserk rage {unknown}
 B - a potion of might
 E - a potion of resistance {unknown}
Books
 t - a book of Power

   Spells                             Type                      Level
   a - Iskenderun's Battlesphere      Conjuration/Charms           5
   b - Venom Bolt                     Conjuration/Poison           5
   c - Bolt of Magma                  Conjuration/Fire/Earth       5
   d - Iron Shot                      Conjuration/Earth            6
   e - Orb of Destruction             Conjuration                  7
   f - Spellforged Servitor           Conjuration/Summoning        7
Comestibles
 c - 15 rations


   Skills:
 + Level 6.4 Fighting
 + Level 6.4 Short Blades
 + Level 6.4 Long Blades
 + Level 6.4 Axes
 + Level 6.4 Maces & Flails
 + Level 6.4 Polearms
 + Level 6.4 Staves
 + Level 6.4 Slings
 + Level 6.4 Bows
 + Level 6.4 Crossbows
 + Level 6.4 Throwing
 + Level 6.4 Armour
 + Level 8.0 Dodging
 + Level 7.8 Stealth
 + Level 6.4 Shields
 + Level 6.4 Unarmed Combat
 + Level 8.2 Spellcasting
 + Level 5.8 Conjurations
 + Level 5.3 Hexes
 + Level 5.3 Charms
 + Level 5.3 Summonings
 + Level 5.3 Necromancy
 + Level 5.3 Translocations
 + Level 5.3 Transmutations
 + Level 5.3 Fire Magic
 + Level 7.7 Ice Magic
 + Level 5.3 Air Magic
 + Level 5.3 Earth Magic
 + Level 5.3 Poison Magic
 + Level 7.1 Invocations
 + Level 6.4 Evocations


You had 14 spell levels left.
You knew the following spells:

 Your Spells              Type           Power        Failure   Level  Hunger
a - Freeze                Ice            ####         1%          1    None
b - Throw Icicle          Conj/Ice       #####...     4%          4    ###....
c - Ozocubu's Armour      Chrm/Ice       ####....     1%          3    None
d - Summon Ice Beast      Ice/Summ       ####....     5%          4    ###....


Dungeon Overview and Level Annotations

Branches:
Dungeon (8/15)             Temple (0/1) D:4            Lair (1/6) D:8

Altars:
Dithmenos
Elyvilon
Kikubaaqudgha
Nemelex Xobeh
Okawaru
Qazlal
Ru
Vehumet
Zin


Innate Abilities, Weirdness & Mutations

Your experience applies equally to all skills.
You have very sharp teeth.
Your uncanny sense of smell can sniff out nearby items.


Message History

Here: a mace of flaming 10 gold pieces.
The floor.
Casting: Summon Ice Beast
Confirm with . or Enter, or press ? or * to list all spells.
A chill wind blows around you. The mace of flaming misses you.
You now have 18/23 mp.
Casting: Summon Ice Beast
Confirm with . or Enter, or press ? or * to list all spells.
A chill wind blows around you. The mace of flaming hits you!
* * * LOW HITPOINT WARNING * * *
The mace of flaming hits you but does no damage.
You take 15 damage, and have 26/83 hp.
You now have 14/23 mp.
You barely miss the mace of flaming. Your bite misses the mace of flaming.
The mace of flaming hits you.
* * * LOW HITPOINT WARNING * * *
The mace of flaming burns you.
* * * LOW HITPOINT WARNING * * *
You take 7 damage, and have 19/83 hp.
Your ice beast closely misses the mace of flaming.
Your ice beast hits the mace of flaming.
Your ice beast freezes the mace of flaming.
The mace of flaming resists.
You see here a pair of embroidered boots.
Your ice beast misses the mace of flaming.
You see here a scale mail.
The mace of flaming hits you!
* * * LOW HITPOINT WARNING * * *
The mace of flaming burns you.
* * * LOW HITPOINT WARNING * * *
You see here 19 gold pieces.
You take 13 damage, and have 6/83 hp.
You feel much better.
Your ice beast hits the mace of flaming but does no damage.
The mace of flaming completely misses you.
Your ice beast barely misses the mace of flaming.
You regained 30 hp, and now have 36/83 hp.
Press: ? - help, v - describe, . - travel, g - get item
Here: a mace of flaming (lightly damaged)
A scale mail.
The floor.
Evoke which item? (* to show all) (? for menu, Esc to quit)
That's the wrong kind of item! (Use * to select it.) Evoke which item? (* to show all) (? for menu, Esc to quit)
Okay, then.
Evoke which item? (* to show all) (? for menu, Esc to quit)
Aiming: Disintegrate
Press: ? - help, Shift-Dir - straight line, f - mace of flaming
Aim: a mace of flaming (lightly damaged, magic immune)
Okay, then.
Evoke which item? (* to show all) (? for menu, Esc to quit)
Okay, then.
Casting: Summon Ice Beast
Confirm with . or Enter, or press ? or * to list all spells.
A chill wind blows around you. The mace of flaming hits you.
* * * LOW HITPOINT WARNING * * *
Your ice beast barely misses the mace of flaming. x2
You take 3 damage, and have 33/83 hp.
You now have 11/23 mp.
Unknown command.
You hit the mace of flaming but do no damage.
The mace of flaming is lightly damaged.
The mace of flaming hits you!
* * * LOW HITPOINT WARNING * * *
The mace of flaming burns you.
* * * LOW HITPOINT WARNING * * *
Your ice beast hits the mace of flaming but does no damage.
Your ice beast barely misses the mace of flaming.
You take 12 damage, and have 21/83 hp.
Unknown command.
You fail to use your ability.
The mace of flaming barely misses you.
Your ice beast closely misses the mace of flaming.
Your ice beast hits the mace of flaming but does no damage. x2
The mace of flaming closely misses you.
Press: ? - help, Dir - move target cursor, f - mace of flaming
Aim: a mace of flaming You need more space to imprison the mace of flaming.
Your ice beast hits the mace of flaming but does no damage.
There is an open door here.
The mace of flaming hits you.
* * * LOW HITPOINT WARNING * * *
The mace of flaming burns you.
* * * LOW HITPOINT WARNING * * *
You take 6 damage, and have 16/83 hp.
Unknown command.
Okay, then.
The air gets thick with the scent of sulphur.
Casting: Summon Ice Beast
Confirm with . or Enter, or press ? or * to list all spells.
A chill wind blows around you.
You are near starving!
The mace of flaming hits you but does no damage.
You now have 9/23 mp.
Casting: Summon Ice Beast
Confirm with . or Enter, or press ? or * to list all spells.
A chill wind blows around you. The mace of flaming hits you!
* * * LOW HITPOINT WARNING * * *
The mace of flaming burns you.
* * * LOW HITPOINT WARNING * * *
The mace of flaming hits you!
You die...

##..#..#.....[#[..#.#....
##.##'################+#
###...#......≈
########.∩.'......≈∆
#....'.....#......≈
#.#################
#.#.$$)[Y$YY#
#.#$[[?!$$#(#
#.#)$$!$..#@#
#.#########.#
#..........Y#
#############


You could see a mace of flaming and 3 friendly ice beasts.

Vanquished Creatures
  A hydra (D:8)
  A two-headed ogre (D:8)
  3 wizards (Volcano)
  2 toenail golems (Volcano)
  A spiny frog (Lair:1)
  A wyvern (D:8)
  2 hell hounds (D:8)
  2 porcupines (Lair:1)
  4 water moccasins
  2 orc warriors
  4 ogres
  2 centaurs
  3 big kobolds (D:3)
  4 bullfrogs
  3 scorpions
  4 killer bees (D:8)
  4 wights (D:6)
  A jelly (D:6)
  A howler monkey (D:6)
  5 lava snakes (D:8)
  3 crimson imps
  3 hounds
  An orc priest (D:8)
  7 orc wizards
  Jessica (D:3)
  2 bullfrog skeletons
  Natasha (twice) (D:3)
  7 worker ants
  2 worker ant zombies
  7 adders
  3 gnolls (D:7)
  3 shadow imps
  An ooze (D:3)
  2 adder zombies (D:7)
  A worm (D:3)
  4 leopard geckos
  29 orcs
  6 bats
  8 giant cockroaches
  4 hobgoblins
  12 jackals
  46 kobolds
  7 quokkas
  2 ball pythons
  A ball python zombie (D:6)
  3 frilled lizards
  11 goblins
  A leopard gecko skeleton (D:4)
  A leopard gecko zombie (D:6)
  A quokka skeleton (D:4)
  4 rats
235 creatures vanquished.

Vanquished Creatures (collateral kills)
  A toenail golem (Volcano)
  The ghost of cada the Firebug, an amateur NaFE (D:4)
2 creatures vanquished.

Vanquished Creatures (others)
  A wizard (Volcano)
1 creature vanquished.

Grand Total: 238 creatures vanquished

Notes
Turn   | Place    | Note
-------+----------+-------------------------------------------
     0 | D:1      | Monsterracer the Gnoll Ice Elementalist began the quest for the Orb.
     0 | D:1      | Reached XP level 1. HP: 13/13 MP: 6/6
   164 | D:1      | Reached XP level 2. HP: 16/19 MP: 3/7
   626 | D:1      | Reached XP level 3. HP: 25/25 MP: 7/9
   634 | D:1      | Learned a level 3 spell: Ozocubu's Armour
   714 | D:1      | Reached skill level 5 in Spellcasting
   806 | D:2      | Reached skill level 1 in Invocations
  1085 | D:2      | Reached skill level 1 in Fighting
  1085 | D:2      | Reached skill level 1 in Short Blades
  1085 | D:2      | Reached skill level 1 in Long Blades
  1085 | D:2      | Reached skill level 1 in Axes
  1085 | D:2      | Reached skill level 1 in Maces & Flails
  1085 | D:2      | Reached skill level 1 in Polearms
  1085 | D:2      | Reached skill level 1 in Staves
  1085 | D:2      | Reached skill level 1 in Slings
  1085 | D:2      | Reached skill level 1 in Bows
  1085 | D:2      | Reached skill level 1 in Crossbows
  1085 | D:2      | Reached skill level 1 in Throwing
  1085 | D:2      | Reached skill level 1 in Armour
  1085 | D:2      | Reached skill level 1 in Shields
  1085 | D:2      | Reached skill level 1 in Unarmed Combat
  1085 | D:2      | Reached skill level 1 in Evocations
  1272 | D:2      | Reached XP level 4. HP: 30/32 MP: 9/11
  1279 | D:2      | Learned a level 4 spell: Throw Icicle
  1284 | D:2      | Learned a level 4 spell: Summon Ice Beast
  1721 | D:3      | Found a glowing silver altar of Zin.
  1732 | D:3      | Became a worshipper of Zin the Law-Giver
  1732 | D:3      | Reached * piety under Zin
  1978 | D:3      | Noticed a centaur
  1985 | D:3      | Killed a centaur
  1985 | D:3      | Reached skill level 1 in Hexes
  1985 | D:3      | Reached skill level 1 in Charms
  1985 | D:3      | Reached skill level 1 in Summonings
  1985 | D:3      | Reached skill level 1 in Necromancy
  1985 | D:3      | Reached skill level 1 in Translocations
  1985 | D:3      | Reached skill level 1 in Transmutations
  1985 | D:3      | Reached skill level 1 in Fire Magic
  1985 | D:3      | Reached skill level 1 in Air Magic
  1985 | D:3      | Reached skill level 1 in Earth Magic
  1985 | D:3      | Reached skill level 1 in Poison Magic
  1985 | D:3      | Reached XP level 5. HP: 24/37 MP: 1/12
  1996 | D:3      | HP: 18/37 [orc (3)]
  2386 | D:3      | Noticed Natasha
  2393 | D:3      | Killed Natasha
  2427 | D:3      | Noticed Jessica
  2431 | D:3      | Killed Jessica
  2602 | D:3      | Reached XP level 6. HP: 41/44 MP: 6/13
  2655 | D:3      | Reached ** piety under Zin
  2774 | D:3      | Reached skill level 5 in Dodging
  3047 | D:3      | Reached XP level 7. HP: 50/50 MP: 6/15
  3175 | D:3      | Reached *** piety under Zin
  3438 | D:4      | Found an iron altar of Okawaru.
  3449 | D:4      | Noticed cada's ghost (amateur NaFE)
  3628 | D:3      | HP: 25/51 [poisoned by a scorpion]
  3633 | D:3      | HP: 23/51 [poisoned by a scorpion]
  3639 | D:3      | HP: 22/51 [poisoned by a scorpion]
  3647 | D:3      | HP: 21/51 [poisoned by a scorpion]
  3688 | D:3      | Noticed Natasha
  3693 | D:3      | Killed Natasha
  3882 | D:4      | Found a staircase to the Ecumenical Temple.
  3935 | D:4      | Reached **** piety under Zin
  3988 | D:4      | Reached skill level 5 in Fighting
  3988 | D:4      | Reached skill level 5 in Short Blades
  3988 | D:4      | Reached skill level 5 in Long Blades
  3988 | D:4      | Reached skill level 5 in Axes
  3988 | D:4      | Reached skill level 5 in Maces & Flails
  3988 | D:4      | Reached skill level 5 in Polearms
  3988 | D:4      | Reached skill level 5 in Staves
  3988 | D:4      | Reached skill level 5 in Slings
  3988 | D:4      | Reached skill level 5 in Bows
  3988 | D:4      | Reached skill level 5 in Crossbows
  3988 | D:4      | Reached skill level 5 in Throwing
  3988 | D:4      | Reached skill level 5 in Armour
  3988 | D:4      | Reached skill level 5 in Shields
  3988 | D:4      | Reached skill level 5 in Unarmed Combat
  3988 | D:4      | Reached skill level 5 in Invocations
  3988 | D:4      | Reached skill level 5 in Evocations
  3988 | D:4      | Reached XP level 8. HP: 62/62 MP: 15/18
  4109 | D:4      | Killed cada's ghost
  4385 | D:5      | Entered Level 5 of the Dungeon
  4825 | D:5      | Found a stormy altar of Qazlal.
  4829 | D:5      | Found a white marble altar of Elyvilon.
  4838 | D:5      | Found a radiant altar of Vehumet.
  5038 | D:5      | Found a sparkling altar of Nemelex Xobeh.
  5189 | D:6      | Got a jewelled ring mail
  5200 | D:6      | Identified the cursed +1 ring mail "Palaux" {Str+4} (You found it on level 6 of the Dungeon)
  5236 | D:6      | Reached XP level 9. HP: 63/68 MP: 13/20
  5507 | D:6      | Found a sacrificial altar of Ru.
  5621 | D:6      | Reached ***** piety under Zin
  5635 | D:6      | Reached skill level 5 in Conjurations
  6387 | D:5      | Found an ancient bone altar of Kikubaaqudgha.
  6852 | D:7      | Found a white marble altar of Elyvilon.
  7145 | D:8      | HP: 34/68 [hell hound/blast of flame (11)]
  7295 | D:8      | Found a staircase to the Lair.
  7815 | D:8      | Noticed a two-headed ogre
  7821 | D:8      | HP: 27/69 [two-headed ogre/giant club (11)]
  7825 | D:8      | HP: 2/69 [two-headed ogre/giant club (20)]
  7827 | D:8      | Killed a two-headed ogre
  7827 | D:8      | Reached XP level 10. HP: 3/76 MP: 5/21
  8175 | D:8      | Noticed an eight-headed hydra
  8202 | D:8      | HP: 38/76 [eight-headed hydra (8)]
  8203 | D:8      | HP: 11/76 [eight-headed hydra (14)]
  8203 | D:8      | Zin protects you from harm!
  8224 | D:8      | HP: 8/76 [worker ant (3)]
  8227 | D:8      | Killed an eight-headed hydra
  8831 | D:8      | Found a shadowy altar of Dithmenos.
  8846 | D:8      | Reached skill level 5 in Hexes
  8846 | D:8      | Reached skill level 5 in Charms
  8846 | D:8      | Reached skill level 5 in Summonings
  8846 | D:8      | Reached skill level 5 in Necromancy
  8846 | D:8      | Reached skill level 5 in Translocations
  8846 | D:8      | Reached skill level 5 in Transmutations
  8846 | D:8      | Reached skill level 5 in Fire Magic
  8846 | D:8      | Reached skill level 5 in Air Magic
  8846 | D:8      | Reached skill level 5 in Earth Magic
  8846 | D:8      | Reached skill level 5 in Poison Magic
  9483 | Lair:1   | Entered Level 1 of the Lair of Beasts
  9486 | Lair:1   | Noticed a spiny frog
  9494 | Lair:1   | Killed a spiny frog
  9728 | Lair:1   | Found a dark tunnel.
  9739 | Volcano  | Entered a volcano
  9745 | Volcano  | Noticed a wizard
  9748 | Volcano  | Killed a wizard
  9748 | Volcano  | Reached XP level 11. HP: 81/81 MP: 23/23
  9771 | Volcano  | Noticed a wizard
  9773 | Volcano  | Killed a wizard
  9811 | Volcano  | Noticed a wizard
  9811 | Volcano  | Noticed a wizard
  9863 | Volcano  | HP: 40/81 [toenail golem (3)]
  9868 | Volcano  | HP: 32/81 [something (8)]
  9873 | Volcano  | Killed a wizard
  9876 | Volcano  | HP: 19/83 [wizard/fireball (16)]
  9877 | Volcano  | Killed a wizard
  9898 | Volcano  | HP: 16/83 [something (8)]
  9958 | Volcano  | HP: 19/83 [something (7)]
 10018 | Volcano  | HP: 21/83 [something (5)]
 10078 | Volcano  | HP: 23/83 [something (4)]
 10138 | Volcano  | HP: 31/83 [something (6)]
 10141 | Volcano  | HP: 15/83 [something (3)]
 10168 | Volcano  | HP: 6/83 [something (15)]
 10183 | Volcano  | Noticed a mace of flaming
 10211 | Volcano  | HP: 40/83 [toenail golem (1)]
 10223 | Volcano  | HP: 39/83 [toenail golem (3)]
 10243 | Volcano  | HP: 33/83 [toenail golem (8)]
 10278 | Volcano  | HP: 26/83 [mace of flaming (15)]
 10282 | Volcano  | HP: 8/83 [mace of flaming (12)]
 10288 | Volcano  | HP: 17/83 [mace of flaming (5)]
 10291 | Volcano  | HP: 4/83 [mace of flaming (13)]
 10291 | Volcano  | Demolished by a mace of flaming

Skill      XL: |  1  2  3  4  5  6  7  8  9 10 11 |
---------------+----------------------------------+-----
Conjurations   | 2 4 5 |  5.8
Spellcasting   | 5 7 8 |  8.2
Invocations    | 1 2 5 6 7 |  7.1
Fighting       | 1 2 5 6 |  6.4
Short Blades   | 1 2 5 6 |  6.4
Long Blades    | 1 2 5 6 |  6.4
Axes           | 1 2 5 6 |  6.4
Maces & Flails | 1 2 5 6 |  6.4
Polearms       | 1 2 5 6 |  6.4
Staves         | 1 2 5 6 |  6.4
Slings         | 1 2 5 6 |  6.4
Bows           | 1 2 5 6 |  6.4
Crossbows      | 1 2 5 6 |  6.4
Throwing       | 1 2 5 6 |  6.4
Armour         | 1 2 5 6 |  6.4
Shields        | 1 2 5 6 |  6.4
Unarmed Combat | 1 2 5 6 |  6.4
Evocations     | 1 2 5 6 |  6.4
Hexes          | 1 4 5 |  5.3
Charms         | 1 4 5 |  5.3
Summonings     | 1 4 5 |  5.3
Necromancy     | 1 4 5 |  5.3
Translocations | 1 4 5 |  5.3
Transmutations | 1 4 5 |  5.3
Fire Magic     | 1 4 5 |  5.3
Air Magic      | 1 4 5 |  5.3
Earth Magic    | 1 4 5 |  5.3
Poison Magic   | 1 4 5 |  5.3
Dodging        | 5 6 7 8 |  8.0
Stealth        | 6 7 |  7.8
Ice Magic      | 7 |  7.7

Action                   |  1- 3 |  4- 6 |  7- 9 | 10-12 || total
-------------------------+-------+-------+-------+-------++-------
Melee: Dagger            |    22 |    24 |    25 |    13 ||    84
       Bite              |       |     4 |    28 |    12 ||    44
       Short sword       |       |       |   186 |    65 ||   251
       Punch             |       |       |     8 |     2 ||    10
 Cast: Freeze            |    46 |    88 |   144 |    61 ||   339
       Throw Icicle      |       |     1 |     5 |    15 ||    21
       Ozocubu's Armour  |       |     1 |       |       ||     1
       Summon Ice Beast  |       |       |     1 |     9 ||    10
Invok: Recite            |       |       |     1 |     3 ||     4
  Use: Scroll            |     4 |     5 |     9 |     2 ||    20
       Potion            |       |       |     1 |     2 ||     3
 Stab: Distracted        |     1 |       |       |     2 ||     3
       Sleeping          |     1 |       |     9 |     6 ||    16
       Confused          |       |       |       |     1 ||     1
  Eat: Chunk             |     1 |     3 |    10 |     3 ||    17
       Ration            |       |     1 |     1 |     2 ||     4
Armor: Robe              |    15 |    21 |    11 |     7 ||    54
       Ring mail         |       |       |    63 |    24 ||    87
Dodge: Dodged            |    57 |   106 |   217 |   117 ||   497

Vault maps used:
D:1:      minmay_arrival_checkered_box, minmay_shallow_snake_nest
D:2:      serial_forest, infiniplex_forest_corner_1,
          infiniplex_forest_lined_ring, infiniplex_forest_end_3,
          infiniplex_forest_lined_2, infiniplex_forest_clump_medium
D:3:      minmay_goblin_kobold_castle, zin_academy, uniq_natasha, uniq_jessica
D:4:      cheibrodos_quashed, okawaru_metal_pillars_1_2,
          minmay_temple_entry_poolview
D:5:      minmay_overflow_temple_star_quad, nicolae_overflow_hidden_temple,
          first_ration, minmay_misc_feat_diagonals
D:6:      marbit_many_paths
D:7:      basic_altar
D:8:      kennysheep_big_flooded_room, grunt_dithmenos_smoke_and_mirrors,
          minmay_lair_entry_lava, minivault_5
Lair:1:   nicolae_volcano_entry_s_turn
Volcano:  volcano_bunker
